cohdb
Replays
Latest Replays
All Replays
Popular Replays
Top Player Replays
Match Explorer
How It Works
Community
CoH3 Stats
Reddit
Sign in to upload your games and track your stats! →
Sign in with Steam
Match 41233006
Unlisted
Match 41233006
Overview
Messages
Build Orders
End
Construct Barracks
Engineer Squad
Riflemen Squad
M1 Mortar Team
Construct Weapon Support Center
M1919 Machine Gun Team
M1 Mortar Team
Mechanized Support Center
M1919 Machine Gun Team
Selects Heavy Weapons
Selects Assault Carriers
Selects Exchangeable Parts
M3 Assault Carrier
Construct Motor Pool
Selects M2HB .50cal Heavy Machine Gun
M1 Anti-tank Gun Team
tsck46
Jett
KoalaImpala
Tanith's Finest
0
0
Comments
sign in to comment!
No comments posted yet!